 Dungeon Crawl Stone Soup version 0.30-a0-279-g4b46babb21 (webtiles) character file.

Game seed: 17209659667435700532

1346 Morbidden the Trooper (level 8, -1/57 (70) HPs)
             Began as a Minotaur Fighter on Oct 16, 2022.
             Slain by Eustachio
             ... wielding a +2 rapier of draining
              (8 damage)
             ... on level 5 of the Dungeon.
             The game lasted 00:05:05 (3773 turns).

Morbidden the Trooper (Minotaur Fighter)            Turns: 3773, Time: 00:05:05

HP:   -1/57 (70)    AC: 11    Str: 27    XL:     8   Next: 36%
MP:   10/10         EV:  8    Int:  7    God:
Gold: 264           SH:  4    Dex: 10    Spells: 3/11 levels left

rFire   . . .      SeeInvis .    C - +1 flail (protect)
rCold   + . .      Faith    .    c - +0 buckler
rNeg    . . .      Spirit   .    z - +0 chain mail
rPois   .          Reflect  .    (helmet restricted)
rElec   .          Harm     .    (no cloak)
rCorr   .          Rampage  .    (no gloves)
Will    .....                    x - +0 pair of boots
Stlth   ..........               (no amulet)
HPRegen 0.29/turn                A - +6 ring of strength
MPRegen 0.12/turn                g - ring of protection from cold

@: heavily drained
A: horns 2, retaliatory headbutt
a: no special abilities


You were on level 5 of the Dungeon.
You visited 1 branch of the dungeon, and saw 5 of its levels.

You collected 264 gold pieces.

Inventory:

Hand Weapons
 a - a +0 trident
 b - a +0 war axe
 C - a +1 flail of protection (weapon)
Missiles
 k - a boomerang (quivered)
Armour
 c - a +0 buckler (worn)
 x - a +0 pair of boots (worn)
 z - a +0 chain mail (worn)
Jewellery
 f - a ring of wizardry
 g - a ring of protection from cold (right hand)
 A - a +6 ring of strength (left hand)
Wands
 d - a wand of iceblast (5)
 y - a wand of digging (8)
Scrolls
 e - a scroll of amnesia {unknown}
 h - a scroll of fear {unknown}
 i - a scroll of blinking {unknown}
 j - a scroll of enchant armour {unknown}
 l - 2 scrolls of butterflies {unknown}
 m - a scroll of silence {unknown}
 n - 2 scrolls of noise {unknown}
 p - a scroll of poison {unknown}
 q - a scroll of vulnerability {unknown}
 r - a scroll of acquirement {unknown}
 t - 2 scrolls of teleportation {unknown}
 u - a scroll of magic mapping {unknown}
 B - a scroll of summoning {unknown}
Potions
 o - a potion of degeneration {unknown}
 s - a potion of resistance {unknown}
 v - a potion of brilliance {unknown}
 w - a potion of heal wounds


   Skills:
 * Level 6.1 Fighting
 * Level 4.7(6.1) Axes
 + Level 0.2(2.9) Maces & Flails
 + Level 5.6(6.5) Polearms
 + Level 6.0 Armour
 + Level 1.7 Dodging
 + Level 0.2 Stealth
 + Level 4.5 Shields
 * Level 2.1 Spellcasting
 * Level 1.6 Conjurations
 * Level 1.1 Translocations
 * Level 0.4 Poison Magic


You had 3 spell levels left.
You knew the following spells:

 Your Spells              Type           Power      Damage    Failure   Level
a - Iskenderun's Mystic   Conj/Tloc      2%         2d3       100%        4
b - Olgreb's Toxic Radia  Pois           1%         N/A       100%        4

Your spell library contained the following spells:

 Spells                   Type           Power      Damage    Failure   Level
 Sting                    Tmut/Pois      4%         1d3       94%         1
 Poisonous Vapours        Pois/Air       2%         N/A       98%         2
 Inner Flame              Hex/Fire       0%         N/A       100%        3
 Kindle Blastsparks       Fire/Tloc/Air  2%         2d10      100%        3
 Flame Wave               Conj/Fire      1%         2d4       100%        4
 Fulminant Prism          Conj/Hex       0%         3d6       100%        4
 Sticky Flame             Conj/Fire      1%         2d3       100%        4
 Lee's Rapid Deconstruct  Erth           0%         3d5*      100%        5


Dungeon Overview and Level Annotations

Branches:
Dungeon (5/15)
 Temple: D:4-7

Altars:
Makhleb

Annotations:
D:4 Edmund
D:5 Eustachio


Innate Abilities, Weirdness & Mutations

You have a pair of horns on your head.
You reflexively headbutt those who attack you in melee.


Message History

You feel drained.
You closely miss Eustachio. The shadow imp hits you.
The white imp hits you but does no damage.
The shadow imp shouts, "Slither hence, thou bawdy moon-mazed slabber!"
The shadow imp gestures at you. Pain shoots through your body!
Eustachio hits you but does no damage.
You feel drained.
You closely miss Eustachio. The shadow imp hits you.
The white imp gestures at you.
The puff of frost hits you but does no damage.
You resist. The shadow imp barely misses you. Eustachio closely misses you.
You furiously retaliate!
You headbutt Eustachio. You block the shadow imp's attack.
The white imp hits you but does no damage.
The shadow imp barely misses you.
You sock Eustachio!
Your weapon exudes an aura of protection.
Your headbutt misses Eustachio.
Eustachio is heavily wounded.
Eustachio says, "Summoning is fun!"
Eustachio hits you with a +2 rapier of draining.
You feel drained. The white imp hits you. The white imp freezes you.
You resist. The shadow imp gestures at you. Pain shoots through your body!
* * * LOW HITPOINT WARNING * * *
The shadow imp barely misses you. You block Eustachio's attack.
You barely miss Eustachio. You headbutt Eustachio!
Eustachio is almost dead.
The shadow imp hits you.
* * * LOW HITPOINT WARNING * * *
You block the white imp's attack. The shadow imp closely misses you.
Eustachio hits you with a +2 rapier of draining.
* * * LOW HITPOINT WARNING * * *
You feel drained.
* * * LOW HITPOINT WARNING * * *
The white imp attacks as you move away! You block the white imp's attack.
The shadow imp closely misses you.
Eustachio hits you with a +2 rapier of draining!
You die...

....... .......#.......
.......
.......#...............
#.....................
#.....................
#...........(..
#..............
#....5@.......
#...55@...# #######.###
#.# #.# #.# #.# #.#
#.###############
#................


You could see Eustachio, a white imp (summoned) and 2 shadow imps.

Vanquished Creatures
  Pikel (D:4)
  A black bear (D:4)
  2 ogres
  A lemure (D:4)
  2 necrophages
  2 hounds
  2 gnoll boudas (D:4)
  2 iguanas
  2 orc wizards (D:5)
  Robin (D:4)
  13 gnolls (D:4)
  4 adders
  A white imp (D:5)
  4 worms
  4 dart slugs
  11 orcs
  4 endoplasms
  3 giant cockroaches
  15 goblins
  14 hobgoblins
  3 jackals (D:1)
  7 kobolds
  A quokka (D:2)
  4 ball pythons
  10 bats
  2 frilled lizards
  3 rats
119 creatures vanquished.

Vanquished Creatures (others)
  3 plants (D:5)
3 creatures vanquished.

Grand Total: 122 creatures vanquished

Notes
Turn   | Place    | Note
-------+----------+-------------------------------------------
     0 | D:1      | Morbidden the Minotaur Fighter began the quest for the Orb.
     0 | D:1      | Reached XP level 1. HP: 19/19 MP: 0/0
    81 | D:1      | Reached XP level 2. HP: 27/27 MP: 1/1
   342 | D:1      | Reached skill level 1 in Axes
   342 | D:1      | Reached XP level 3. HP: 33/33 MP: 2/2
  1332 | D:2      | Reached XP level 4. HP: 41/41 MP: 3/3
  1788 | D:3      | Found a burning altar of Makhleb.
  1918 | D:4      | Noticed Pikel
  1918 | D:4      | Noticed a lemure
  1918 | D:4      | Noticed a lemure
  1923 | D:4      | Noticed a lemure
  1924 | D:4      | Noticed a lemure
  1930 | D:4      | Killed a lemure
  1942 | D:4      | Killed Pikel
  1943 | D:4      | Reached skill level 5 in Fighting
  1943 | D:4      | Reached skill level 1 in Dodging
  1943 | D:4      | Reached skill level 1 in Spellcasting
  1943 | D:4      | Reached XP level 5. HP: 5/48 MP: 3/6
  1943 | D:4      | Reached XP level 6. HP: 6/56 MP: 3/7
  1943 | D:4      | Reached XP level 7. HP: 7/61 MP: 3/8
  1976 | D:4      | Learned a level 4 spell: Iskenderun's Mystic Blast
  2274 | D:4      | Reached skill level 5 in Armour
  2277 | D:4      | Noticed Robin
  2279 | D:4      | Reached skill level 5 in Polearms
  2301 | D:4      | Killed Robin
  2490 | D:4      | Learned a level 4 spell: Olgreb's Toxic Radiance
  2759 | D:4      | Noticed Edmund
  2762 | D:4      | Reached XP level 8. HP: 70/70 MP: 10/10
  3324 | D:4      | Reached skill level 1 in Translocations
  3391 | D:5      | Entered Level 5 of the Dungeon
  3508 | D:5      | Reached skill level 1 in Conjurations
  3753 | D:5      | Noticed Eustachio
  3773 | D:5      | Slain by Eustachio

Illustrated notes

Levels and vault maps discovered:
D:1:      dpeg_arrival_renting, layout_basic, minivault_5
D:2:      layout_basic, minivault_4
D:3:      layout_rooms, mainiacjoe_overflow_alcove_2
D:4:      layout_basic, minivault_5, glass_columns_b, uniq_robin, uniq_edmund,
          uniq_pikel
D:5:      layout_basic, serial_curves, eino_curves_03, eino_curves_02,
          serial_bayou_pond_b, uniq_eustachio

Skill      XL: |  1  2  3  4  5  6  7  8 |
---------------+-------------------------+-----
Fighting       | 4 5 6 |  6.1
Axes           | 1 3 4 |  4.7
Polearms       | 3 4 5 |  5.6
Armour         | 4 5 6 |  6.0
Shields        | 4 |  4.5
Dodging        | 1 |  1.7
Spellcasting   | 1 2 |  2.1
Translocations | 1 |  1.1
Conjurations   | 1 |  1.6
Maces & Flails | |  0.2
Stealth        | |  0.2
Poison Magic   | |  0.4

Action                   |  1- 3 |  4- 6 |  7- 9 || total
-------------------------+-------+-------+-------++-------
Melee: Trident           |    81 |    63 |   207 ||   351
       Headbutt          |     5 |     9 |    45 ||    59
       War axe           |       |       |    10 ||    10
       Flail             |       |       |     7 ||     7
Throw: Boomerang         |       |       |     4 ||     4
Evoke: Wand              |       |       |     3 ||     3
  Use: Potion            |       |     1 |     2 ||     3
Armor: Scale mail        |    28 |    22 |    27 ||    77
       Chain mail        |       |       |    32 ||    32
Dodge: Dodged            |    25 |    20 |    67 ||   112
Block: Buckler           |    10 |    14 |    36 ||    60

Table legend: (Time is in decaauts)
 A = Elapsed time spent in this place.
 B = Non-inter-level travel time spent in this place.
 C = Inter-level travel time spent in this place.
 D = Time resting spent in this place.
 E = Time spent auto-exploring this place.
 F = Levels seen in this place.
 G = Mean time per level.
                   A        B        C        D        E       F      G
               +--------+--------+--------+--------+--------+-----+--------+
         Total |   3790 |   3695 |     95 |      0 |   2905 |   5 |  758.0 |
       Dungeon |   3790 |   3695 |     95 |      0 |   2905 |   5 |  758.0 |
               +--------+--------+--------+--------+--------+-----+--------+

Top non-repeatable levels by time:
     D:4: 1453 daAuts
     D:1: 845 daAuts
     D:2: 606 daAuts
     D:3: 501 daAuts
     D:5: 383 daAuts
